badnik, neutral male scurrid Ranger ------ |....| --....-- |.....@| |...?..| |......| |......| -+------ badnik the Tenderfoot Experience level: 1 Strength: 16 Dexterity: 10 Constitution: 13 Intelligence: 13 Wisdom: 15 Charisma: 7 Health: 0(14) Energy: 2(2) Def: 3 Gold: 10 Moves: 100 Dungeon seed: LN57opiZjEGpew4H Game ID: badnik_1498610903 Your Inventory: Coins $ - 10 gold pieces Weapons b - a blessed +2 dart c - 28 uncursed +2 darts d - 19 blessed +0 darts Armor e - an uncursed +2 cloak of displacement (being worn) Comestibles f - 5 uncursed chestnuts Scrolls h - a cursed scroll of enchant weapon i - an uncursed scroll of water j - an uncursed scroll of create monster Rings k - an uncursed +1 ring of gain strength Wands g - an uncursed wand of slow monster (0:3) Spells and supernatural/magical abilities: Name Level Category Fail Memory W - pray for help -- divine ? -- Your skills at the end: Miscellaneous Skills wands [Basic] Weapon Skills dart [Basic] Spellcasting Skills Final Attributes: You were devoutly aligned. You were hallucinating. You had automatic searching. You had infravision. You were displaced. You were very stealthy. You are dead. Vanquished creatures: a black light a newt and a partridge in a pear tree 2 creatures vanquished. Voluntary challenges: You went without food. You did not adorn yourself with jewelry or accessories. You did not cause conflict. You were not invisible. You did not have reflection. You were an atheist. You never hit with a wielded weapon. You were a pacifist. You did not use tools. You did not use plumbed fixtures. You did not drink any magical draughts. You were illiterate. You never genocided any monsters. You never polymorphed an object. You never changed form. You used no wishes. You never split a pudding. You never wrote Elbereth's name. You never violated your personal moral code. Dungeon overview: The Dungeons of Doom: levels 1 to 19 Level 1 a long staircase Level 2 Level 3 Level 4 Level 5 Level 6 Level 7 Level 8 Level 9 a temple to Mercury Level 10 a fountain Level 11 Level 12 Level 13 Level 14 an altar to Venus Level 15 Level 16 Level 17 Level 18 Level 19 <- You were here History has recorded: On T:1 you entered the Dungeons of Doom to retrieve the Amulet of Yendor! On T:4 you reached level 2 of The Dungeons of Doom. On T:7 you reached level 3 of The Dungeons of Doom. On T:10 you reached level 4 of The Dungeons of Doom. On T:14 you reached level 5 of The Dungeons of Doom. On T:25 you reached level 6 of The Dungeons of Doom. On T:28 you reached level 7 of The Dungeons of Doom. On T:34 you reached level 8 of The Dungeons of Doom. On T:38 you reached level 9 of The Dungeons of Doom. On T:41 you reached level 10 of The Dungeons of Doom. On T:45 you reached level 11 of The Dungeons of Doom. On T:58 you reached level 12 of The Dungeons of Doom. On T:61 you reached level 13 of The Dungeons of Doom. On T:67 you reached level 14 of The Dungeons of Doom. On T:71 you reached level 15 of The Dungeons of Doom. On T:71 you entered the Rogue tribute level. On T:90 you reached level 17 of The Dungeons of Doom. On T:94 you reached level 18 of The Dungeons of Doom. On T:98 you reached level 19 of The Dungeons of Doom. Score breakdown: Gold: 10 ( 1 points) Experience: 1 level ( 0 points) Exploration: 19 levels ( 540 points) Discoveries: 4 items ( 200 points) Variety of kills: 2 monsters ( 100 points) Major goal: (nothing yet) ( 0 points) Survival: died (score multiplied by 3) Total score: 2523 Latest messages: You start digging downward. That command is only available in debug mode. You stop exploring. You start digging downward. You continue digging downward. You dig a pit in the ground. You continue digging downward. You dig a hole through the ground. You fall through... You see here a statue of a winter wolf cub. The statue comes to life! The dwarf bites! You start digging downward. The dornbeast bites! You continue digging downward. You dig a pit in the floor. You continue digging downward. You dig a hole through the floor. You fall through... You stop exploring. You fall into a pit! You die... Final status: Goodbye badnik the Ranger, fell into a pit... You died in The Dungeons of Doom on dungeon level 19 with 2523 points, and 10 pieces of gold, after 100 moves. You were level 1 with a maximum of 14 hit points when you died.